 Dungeon Crawl Stone Soup version 0.31-a0-851-g7ff8af7976 (webtiles) character file.

Game seed: 16132503623468792626

149 randomguy2701 the Sneak (level 5, -3/41 HPs)
             Began as a Gnoll Wanderer on Oct 6, 2023.
             Slain by Blork the orc
             ... wielding a +0 halberd
              (12 damage)
             ... on level 4 of the Dungeon.
             The game lasted 00:05:20 (4005 turns).

randomguy2701 the Sneak (Gnoll Wanderer)            Turns: 4005, Time: 00:05:20

Health: -3/41      AC:  4    Str: 11    XL:     5   Next: 31%
Magic:  7/9        EV: 11    Int: 13    God:
Gold:   238        SH:  0    Dex: 12    Spells: 9/10 levels left

rFire   + . .        e - staff of fire
rCold   . . .        (no shield)
rNeg    . . .        d - +0 leather armour
rPois   .            (no helmet)
rElec   .            (no cloak)
rCorr   .            (no gloves)
SInv    .            b - +0 pair of boots
Will    +....        (no amulet)
Stlth   +++          h - ring of willpower
HPRegen 0.26/turn    (no ring)
MPRegen 0.11/turn

%: no passive effects
@: very slightly contaminated
A: fangs 1, strong nose, distributed training
a: no special abilities


You were on level 4 of the Dungeon.
You visited 1 branch of the dungeon, and saw 4 of its levels.

You collected 238 gold pieces.

Inventory:

Hand Weapons
 a - a +0 short sword
Armour
 b - a +0 pair of boots (worn)
 d - a +0 leather armour (worn)
Magical Staves
 e - a staff of fire (weapon)
Jewellery
 g - an amulet of faith
 h - a ring of willpower (left hand)
Scrolls
 c - a scroll of fear
 i - 3 scrolls of torment {unknown}
 k - 3 scrolls of identify {unknown}
 m - a scroll of poison {unknown}
 n - a scroll of enchant armour {unknown}
 o - a scroll of teleportation {unknown}
 p - a scroll of blinking {unknown}
Potions
 f - 3 potions of curing {unknown}
 j - a potion of brilliance {unknown}
 l - a potion of lignification {unknown}
 q - a potion of berserk rage {unknown}
 r - a potion of might {unknown}


   Skills:
 + Level 3.0 Fighting
 + Level 4.8 Short Blades
 + Level 1.4 Long Blades
 + Level 1.4 Axes
 + Level 1.4 Maces & Flails
 + Level 1.4 Polearms
 + Level 1.4 Staves
 + Level 1.4 Ranged Weapons
 + Level 1.4 Throwing
 + Level 1.4 Armour
 + Level 1.4 Dodging
 + Level 6.1 Stealth
 + Level 1.4 Shields
 + Level 1.4 Unarmed Combat
 + Level 3.1 Spellcasting
 + Level 1.1 Conjurations
 + Level 1.1 Hexes
 + Level 1.1 Summonings
 + Level 1.1 Necromancy
 + Level 1.1 Translocations
 + Level 1.1 Transmutations
 + Level 3.9 Fire Magic
 + Level 1.1 Ice Magic
 + Level 1.1 Air Magic
 + Level 1.1 Earth Magic
 + Level 1.1 Poison Magic
 + Level 3.0 Invocations
 + Level 1.4 Evocations
 + Level 1.3 Shapeshifting


You had 9 spell levels left.
You knew the following spells:

 Your Spells              Type           Power      Damage    Failure   Level
a - Foxfire               Conj/Fire      52%        2x1d6     11%         1

Your spell library contained the following spells:

 Spells                   Type           Power      Damage    Failure   Level
 Sting                    Tmut/Pois      20%        1d4       19%         1
 Poisonous Vapours        Pois/Air       10%        N/A       28%         2
 Inner Flame              Hex/Fire       13%        N/A       30%         3
 Ignite Poison            Fire/Tmut/Pois 11%        N/A       36%         3
 Vampiric Draining        Necr           5%         2d6       50%         3
 Olgreb's Toxic Radiance  Pois           5%         N/A       88%         4
 Lehudib's Crystal Spear  Conj/Erth      2%         10d2      100%        8
 Death's Door             Necr           2%         N/A       100%        9


Dungeon Overview and Level Annotations

Branches:
Dungeon (4/15)             Temple (0/1) D:4

Altars:
Nemelex Xobeh

Annotations:
D:4 Blork the orc


Innate Abilities, Weirdness & Mutations

You have very sharp teeth.
Your uncanny sense of smell can sniff out nearby items.
Your experience applies equally to all skills.


Message History

You see here the +4 sling of the Nexus {drain, rC++ Str-4}.
Search for what [Enter for "alt", or ? for help]? armo Search for what [Enter for "armo", or ? for help]? weap
There is a stone staircase leading down here.
You climb downwards.
Level annotation: Blork the orc
There is a stone staircase leading up here.
Found a hand axe.
You see here a +0 hand axe.
Blork the orc mumbles some strange words.
Blork the orc seems to speed up.
Blork the orc points at you and mumbles some strange words.
The puff of flame hits you. You resist.
You see here a +0 hand axe.
You feel a surge of power!
You conjure some foxfire!
You feel a surge of power!
You miscast Foxfire.
You are very lightly contaminated with residual magic.
Nothing appears to happen.
The foxfire hits Blork the orc.
Blork the orc is moderately wounded.
The foxfire hits Blork the orc.
Blork the orc is moderately wounded.
You feel a surge of power!
You conjure some foxfire!
Blork the orc hits you from afar with a +0 halberd!
Blork the orc closely misses you.
Unknown command.
Your foxfire dissipates!
The foxfire hits Blork the orc.
Blork the orc is heavily wounded.
Blork the orc attacks as he pursues you!
Blork the orc barely misses you.
Blork the orc attacks as he pursues you!
Blork the orc hits you from afar with a +0 halberd!
Blork the orc points at you and mumbles some strange words.
The puff of flame hits you. You resist.
Blork the orc hits you from afar with a +0 halberd.
Blork the orc attacks as he pursues you!
Blork the orc hits you from afar with a +0 halberd.
* * * LOW HITPOINT WARNING * * *
Blork the orc hits you from afar with a +0 halberd!
You die...

.....#.######........##
......................#
###..#####.##........##
# ##..........#.....##
# #######.#..##...## #
#.#..###.## #
#.#..###.# #
######.#..##..### #
#.........o.@...#
#)#)########.##<# #.#.#
#.##.# #.#.# #.##.#
#.#.# #####.##.# .....
..##.##†# ...###
#.##.##.# #..o#
#.##.##.# #...#
#.##.##.#


You could see Blork the orc (fast).

Vanquished Creatures
  A sleepcap (D:4)
  An orc wizard (D:4)
  2 adders
  3 worms
  3 dart slugs
  3 orcs (D:4)
  10 ball pythons
  6 endoplasms
  6 giant cockroaches
  5 hobgoblins
  5 kobolds
  5 quokkas
  4 bats
  A frilled lizard (D:2)
  2 goblins (D:2)
  4 rats
61 creatures vanquished.

Vanquished Creatures (others)
  268 foxfires
268 creatures vanquished.

Grand Total: 329 creatures vanquished

Notes
Turn   | Place    | Note
-------+----------+-------------------------------------------
     0 | D:1      | randomguy2701 the Gnoll Wanderer began the quest for the
                  | Orb.
     0 | D:1      | randomguy2701 set off with the following items: a +0 short
                  | sword, a +0 pair of boots, a scroll of fear, a +0 leather
                  | armour; and the following spell memorised: Foxfire; and the
                  | following spells available to memorise: Inner Flame, Ignite
                  | Poison.
     0 | D:1      | Reached XP level 1. HP: 17/17 MP: 4/4
   188 | D:1      | Reached XP level 2. HP: 23/23 MP: 2/5
   815 | D:1      | Found a faded altar of an unknown god.
  1038 | D:2      | Reached XP level 3. HP: 28/28 MP: 4/7
  1194 | D:2      | Reached skill level 6 in Stealth
  1490 | D:2      | Got a weird book
  1604 | D:2      | Reached skill level 1 in Long Blades
  1604 | D:2      | Reached skill level 1 in Axes
  1604 | D:2      | Reached skill level 1 in Maces & Flails
  1604 | D:2      | Reached skill level 1 in Polearms
  1604 | D:2      | Reached skill level 1 in Staves
  1604 | D:2      | Reached skill level 1 in Ranged Weapons
  1604 | D:2      | Reached skill level 1 in Throwing
  1604 | D:2      | Reached skill level 1 in Armour
  1604 | D:2      | Reached skill level 1 in Dodging
  1604 | D:2      | Reached skill level 1 in Shields
  1604 | D:2      | Reached skill level 1 in Unarmed Combat
  1604 | D:2      | Reached skill level 1 in Evocations
  2025 | D:2      | Reached XP level 4. HP: 32/34 MP: 4/8
  2254 | D:2      | Reached skill level 1 in Shapeshifting
  2650 | D:3      | Identified the +4 sling of the Nexus {drain, rC++ Str-4}
  2949 | D:3      | Found a sparkling altar of Nemelex Xobeh.
  3359 | D:4      | Reached skill level 1 in Conjurations
  3359 | D:4      | Reached skill level 1 in Hexes
  3359 | D:4      | Reached skill level 1 in Summonings
  3359 | D:4      | Reached skill level 1 in Necromancy
  3359 | D:4      | Reached skill level 1 in Translocations
  3359 | D:4      | Reached skill level 1 in Transmutations
  3359 | D:4      | Reached skill level 1 in Ice Magic
  3359 | D:4      | Reached skill level 1 in Air Magic
  3359 | D:4      | Reached skill level 1 in Earth Magic
  3359 | D:4      | Reached skill level 1 in Poison Magic
  3456 | D:4      | Reached XP level 5. HP: 18/40 MP: 0/9
  3606 | D:4      | Found a staircase to the Ecumenical Temple.
  3622 | D:4      | Noticed an ogre
  3807 | D:4      | Noticed Blork the orc
  3818 | D:4      | HP: 1/41 [Blork the orc/puff of frost (9)]
  4005 | D:4      | Slain by Blork the orc

Illustrated notes

Levels and vault maps discovered:
D:1:      shiori_arrival_maze, layout_basic,
          shapermc_ecumenical_altar_totnotflames
D:2:      layout_basic
D:3:      layout_basic, mainiacjoe_overflow_alcove_2
D:4:      layout_loops_ring, minmay_temple_entry_statues, uniq_blork_the_orc

Skill      XL: |  1  2  3  4  5 |
---------------+----------------+-----
Stealth        | 6 |  6.1
Long Blades    | 1 |  1.4
Axes           | 1 |  1.4
Maces & Flails | 1 |  1.4
Polearms       | 1 |  1.4
Staves         | 1 |  1.4
Ranged Weapons | 1 |  1.4
Throwing       | 1 |  1.4
Armour         | 1 |  1.4
Dodging        | 1 |  1.4
Shields        | 1 |  1.4
Unarmed Combat | 1 |  1.4
Evocations     | 1 |  1.4
Shapeshifting  | 1 |  1.3
Spellcasting   | 3 |  3.1
Conjurations   | 1 |  1.1
Hexes          | 1 |  1.1
Summonings     | 1 |  1.1
Necromancy     | 1 |  1.1
Translocations | 1 |  1.1
Transmutations | 1 |  1.1
Ice Magic      | 1 |  1.1
Air Magic      | 1 |  1.1
Earth Magic    | 1 |  1.1
Poison Magic   | 1 |  1.1
Invocations    | 3 |  3.0
Fighting       | 3 |  3.0
Short Blades   | |  4.8
Fire Magic     | |  3.9

Action                     |  1- 3 |  4- 6 || total
---------------------------+-------+-------++-------
  Melee: Staff             |    26 |    26 ||    52
         Bite              |     3 |     2 ||     5
         Short sword       |     2 |       ||     2
   Cast: Foxfire           |    84 |    76 ||   160
    Use: Scroll            |       |     1 ||     1
   Stab: Sleeping          |     4 |     3 ||     7
 Armour: Leather armour    |    17 |    32 ||    49
  Dodge: Dodged            |    14 |    25 ||    39

Table legend: (Time is in decaauts)
 A = Elapsed time spent in this place.
 B = Non-inter-level travel time spent in this place.
 C = Inter-level travel time spent in this place.
 D = Time resting spent in this place.
 E = Time spent auto-exploring this place.
 F = Levels seen in this place.
 G = Mean time per level.
                   A        B        C        D        E       F      G
               +--------+--------+--------+--------+--------+-----+--------+
         Total |   4015 |   3902 |    113 |      0 |   3371 |   4 | 1003.8 |
       Dungeon |   4015 |   3902 |    113 |      0 |   3371 |   4 | 1003.8 |
               +--------+--------+--------+--------+--------+-----+--------+

Top non-repeatable levels by time:
     D:2: 1304 daAuts
     D:3: 1217 daAuts
     D:1: 1033 daAuts
     D:4: 458 daAuts
